 Dungeon Sprint DCSS version 0.21-a0-221-gfe971b9 (webtiles) character file.

46315 potatolord6000 the Warrior (level 14, -2/102 HPs)
             Began as a Gargoyle Fighter on Aug 24, 2017.
             Was the Champion of the Shining One.
             Killed from afar by a hellion (22 damage)
             ... with damnation
             ... in the Dungeon (Sprint V: "Ziggurat Sprint").
             The game lasted 00:19:49 (1252 turns).

potatolord6000 the Warrior (Gargoyle Fighter)       Turns: 1252, Time: 00:19:51

Health: -2/102     AC: 46    Str: 37    XL:     14   Next: 37%
Magic:  2/32       EV:  4    Int: 12    God:    the Shining One [******]
Gold:   18         SH: 35    Dex: 15    Spells: 42/42 levels left

rFire    . . .     SeeInvis .   y - +7 sacred scourge (holy)
rCold    . . .     Gourm    .   B - +18 shield of the Gong {rElec rN+ MR+ EV-5}
rNeg     + + +     Faith    .   A - +15 Maxwell's patent armour {-Cast -Tele rElec MR+ rCorr}
rPois    ∞         Spirit   .   (no helmet)
rElec    +         Reflect  .   (no cloak)
rCorr    +         Harm     .   C - +2 pair of gloves {Str+3}
MR       +++..     NoTele   +   (no boots) Stlth ..........NoCast +
                                c - amulet of regeneration
HPRegen  0.67/turn              E - +6 ring of strength
MPRegen  0.23/turn              b - ring of Peuhural {Str+4 Int+3 Dex+5}

@: glowing, studying Short Blades
A: big wings, negative energy resistance 1, electricity resistance, unbreathing,
petrification resistance, rot immunity, AC +9
a: Fly, Divine Shield, Cleansing Flame, Summon Divine Warrior, Renounce Religion


You were in the Dungeon.
You worshipped the Shining One.
The Shining One was exalted by your worship.
You were not hungry.

You visited 1 branch You collected 18 gold pieces.

Inventory:

Hand Weapons
 y - a +7 sacred scourge of holy wrath (weapon)
Armour
 A - the +15 Maxwell's patent armour (worn) {-Cast -Tele rElec MR+ rCorr}
   (You found it in the Dungeon)

   It insulates you from electricity.
   It affects your resistance to hostile enchantments.
   It prevents spellcasting.
   It prevents most forms of teleportation.
   It protects you from acid and corrosion.
 B - the +18 shield of the Gong (worn) {rElec rN+ MR+ EV-5}
   (You found it in the Dungeon)

   It affects your evasion (-5).
   It insulates you from electricity.
   It protects you from negative energy.
   It affects your resistance to hostile enchantments.
 C - a +2 pair of gloves of strength (worn)
Jewellery
 b - the ring of Peuhural (right hand) {Str+4 Int+3 Dex+5}
   (You found it in the Dungeon)

   [ring of dexterity]

   It affects your strength (+4).
   It affects your intelligence (+3).
   It affects your dexterity (+5).
 c - an amulet of regeneration (around neck)
 E - a +6 ring of strength (left hand)
Scrolls
 k - 4 scrolls of blinking
 q - 4 scrolls of amnesia
 r - 3 scrolls of recharging
 s - 7 scrolls of fog
 t - a scroll of holy word
 u - 5 scrolls of identify
 v - 5 scrolls of remove curse
 w - 2 scrolls of fear
Potions
 d - 4 potions of might
 e - 10 potions of curing
 g - 9 potions of heal wounds
 h - 5 potions of haste
 i - 3 potions of magic
 j - 3 potions of berserk rage
 l - 2 potions of brilliance
 m - 2 potions of invisibility
 n - 3 potions of resistance
 p - 5 potions of agility
Books
 a - a manual of Short Blades
Comestibles
 f - 5 bread rations
 x - 42 fruits
 z - 2 meat rations


   Skills:
 + Level 17.2 Fighting
 + Level 15.8 Maces & Flails
 + Level 17.2 Armour
 + Level 17.2 Shields
 + Level 14.6 Spellcasting
 + Level 17.0 Invocations


You had 42 spell levels left.
You didn't know any spells.

Dungeon Overview and Level Annotations

Branches:
Dungeon (1/1)

Altars:
Ashenzari
Cheibriados
Dithmenos
Elyvilon
Fedhas
Gozag
Hepliaklqana
Kikubaaqudgha
Makhleb
Nemelex Xobeh
Okawaru
Qazlal
Ru
Sif Muna
Trog
Uskayaw
Vehumet
Wu Jian
Xom
Yredelemnul
Zin
The Shining One
Beogh
Jiyva
Lugonu


Innate Abilities, Weirdness & Mutations

You are resistant to torment.
Your stone body is resilient. (AC +9)
You are immune to poison.
Your large and strong wings let you fly indefinitely.
You resist negative energy. (rN+)
You are resistant to electric shocks. (rElec)
You can survive without breathing.
You are immune to petrification.
You are immune to rotting.


Message History

Unknown command.
You feel much better. You block the bat skeleton's attack.
BONNNG!
You block the bat skeleton's attack.
SHROANNG!
The hellion gestures at you.
The sphere of damnation explodes!
The damnation engulfs you!
* * * LOW HITPOINT WARNING * * *
The damnation engulfs your angel.
The damnation engulfs the bat skeleton.
The bat skeleton is destroyed!
The damnation engulfs your daeva.
The damnation engulfs the bat zombie.
The bat zombie is destroyed!
The damnation engulfs your daeva.
Your daeva calls down the wrath of the Shining One upon the hellion.
The hellion is smitten.
Your angel gestures.
Your angel is healed somewhat.
The hellion gestures at you.
The sphere of damnation explodes!
The damnation engulfs you!
You die...

▓.......).
▓.[.)[=}):=!).▓...)))().
▓.W)W2}[:)=)..▓.....((..
▓...z..Z8z....▓...))(...
▓....WznZ...Z.▓..▓.....▓
▓....2..4.2Z..▓.........
▓....A.zz.....▓.....©...
▓....A........▓▓▓▓▓▓▓▓▓▓
▓.....A@A.....▓...8©8...
▓..▓..AAA..▓..▓..||[|)[.
▓......AA.....▓..|:))[..
▓.............▓.........
▓......©......▓.........
▓▓▓▓▓▓▓▓▓▓▓▓▓▓▓....%....
▓.....†... ▓.....†.†.
▓.........


You could see an iron golem, 3 hellions, a phantom, a red devil, a necrophage, 2
shadows, 3 flying skulls, 2 wights, a bat zombie, a giant cockroach zombie, a
leopard gecko skeleton, an adder skeleton, 4 friendly daevas and 5 friendly
angels.

Vanquished Creatures
  2 tentacled monstrosities (D)
  Agnes (D)
  A storm dragon (D)
  An azure jelly (D)
  Louise (D)
  A draconian shifter (D)
  2 very ugly things (D)
  2 yellow draconians (D)
  A red draconian (D)
  A purple draconian (D)
  A death ooze (D)
  Erolcha (D)
  2 dancing weapons (D)
  A hell hog (D)
  A thrashing horror (D)
  A large abomination (D)
  Sonja (D)
  A deep elf knight (D)
  An unseen horror (shapeshifter) (D)
  An orc knight (D)
  7 deep elf magi (D)
  An orb spider (D)
  A shining eye (D)
  Maurice (D)
  A torpor snail (D)
  A black mamba (D)
  A smoke demon (D)
  A rime drake (D)
  A hellion (D)
  2 efreet (D)
  A hornet (shapeshifter) (D)
  3 slime creatures (D)
  An air elemental (D)
  A redback (D)
  A wraith (D)
  Sigmund (D)
  A fire elemental (D)
  2 neqoxecs (D)
  Grum (D)
  A warg (D)
  A soldier ant (shapeshifter) (D)
  2 orc warriors (D)
  An ogre (D)
  A crocodile (D)
  2 bullfrogs (D)
  Blork the orc (D)
  An earth elemental (D)
  A crimson imp (D)
  A jelly (D)
  4 orc priests (D)
  2 orc wizards (D)
  An iguana (D)
  3 mummies (D)
  A shadow imp (D)
  2 white imps (D)
  2 ufetubi (D)
  4 oozes (D)
  A bat zombie (D)
85 creatures vanquished.

Vanquished Creatures (collateral kills)
  An acid blob (D)
  A shadow dragon (D)
  An azure jelly (D)
  An orc warlord (D)
  An entropy weaver (D)
  Nessos (D)
  2 green draconians (D)
  A white draconian (D)
  A black draconian (D)
  Snorg (D)
  A hydra (D)
  A two-headed ogre (D)
  A hell hog (D)
  2 orc high priests (D)
  An orb spider (D)
  3 wolf spiders (D)
  A moth of wrath (D)
  A black mamba (D)
  An elephant (D)
  A spiny frog (shapeshifter) (D)
  A demonic crawler (D)
  2 komodo dragons (D)
  2 efreet (D)
  A troll (shapeshifter) (D)
  A jumping spider (D)
  2 hornets (D)
  3 blink frogs (D)
  A slime creature (D)
  A tarantella (shapeshifter) (D)
  A tarantella (D)
  A basilisk (D)
  A soldier ant (shapeshifter) (D)
  A water moccasin (D)
  6 orc warriors (D)
  Purgy (D)
  A wolf (D)
  3 crocodiles (D)
  A bullfrog (D)
  A quasit (D)
  2 orc priests (D)
  2 shadow imps (D)
  A white imp (D)
  An orc (D)
61 creatures vanquished.

Vanquished Creatures (others)
  A bat skeleton (D)
  A bat zombie (D)
2 creatures vanquished.

Grand Total: 148 creatures vanquished

Notes
Turn   | Place    | Note
-------+----------+-------------------------------------------
     0 | D        | Found the +6 Majin-Bo {vamp, Archmagi MP+6 Int+6}
     0 | D        | Found the +7 great mace "Firestarter" {inner flame, rF++}
     0 | D        | potatolord6000 the Gargoyle Fighter began the quest for the Orb.
     0 | D        | Reached XP level 1. HP: 14/14 MP: 1/1
     0 | D        | Found a blossoming altar of Fedhas.
     1 | D        | Found a deep blue altar of Sif Muna.
     1 | D        | Found a sacrificial altar of Ru.
     1 | D        | Found a bloodstained altar of Trog.
     1 | D        | Found a stormy altar of Qazlal.
     1 | D        | Found an iron altar of Okawaru.
     1 | D        | Found a sparkling altar of Nemelex Xobeh.
     3 | D        | Found a transporter.
     3 | D        | Found an ancient bone altar of Kikubaaqudgha.
     3 | D        | Found a viscous altar of Jiyva.
     3 | D        | Found a corrupted altar of Lugonu.
     3 | D        | Found a hazy altar of Hepliaklqana.
     3 | D        | Found a burning altar of Makhleb.
     3 | D        | Found an opulent altar of Gozag.
    19 | D        | Became a worshipper of the Shining One
    41 | D        | Found the +9 heavy crossbow "Sniper" {velocity, Acc+∞ SInv}
    41 | D        | Found the +10 dark maul {crush}
    41 | D        | Found the +15 Maxwell's patent armour {-Cast -Tele rElec MR+ rCorr}
    41 | D        | Found the +18 shield of the Gong {rElec rN+ MR+ EV-5}
    41 | D        | Found the cursed +14 obsidian axe {chop, +Fly SInv *Curse}
    43 | D        | Found the +6 shillelagh "Devastator" {shatter}
    43 | D        | Found the +11 plutonium sword {*Contam Stlth-}
    43 | D        | Found the +8 lance "Wyrmbane" {slay drac, rPois rF+ rC+ AC+3}
    43 | D        | Found the +9 sword of Zonguldrok {reap}
    43 | D        | Found the cursed +13 scythe of Curses {drain, *Curse}
    43 | D        | Found the +0 sword of Power
    43 | D        | Found the +6 mace of Variability {chaos}
    43 | D        | Found the +7 Singing Sword
    43 | D        | Found the +7 longbow "Piercer" {penet, EV-2}
    99 | D        | Reached XP level 2. HP: 20/20 MP: 1/5
   144 | D        | Entered arena 2.
   144 | D        | Noticed a hellion
   144 | D        | Noticed a crimson imp
   144 | D        | Reached * piety under the Shining One
   144 | D        | Found a transporter.
   152 | D        | Killed a hellion
   152 | D        | Reached skill level 5 in Maces & Flails
   152 | D        | Reached skill level 5 in Invocations
   152 | D        | Reached XP level 3. HP: 28/28 MP: 6/9
   152 | D        | Reached XP level 4. HP: 32/32 MP: 6/10
   152 | D        | Reached XP level 5. HP: 37/37 MP: 7/12
   152 | D        | Reached XP level 6. HP: 42/42 MP: 7/13
   160 | D        | Entered arena 3.
   160 | D        | Reached ** piety under the Shining One
   160 | D        | Found a transporter.
   163 | D        | Reached skill level 5 in Spellcasting
   168 | D        | Reached XP level 7. HP: 47/48 MP: 8/15
   174 | D        | Entered arena 4.
   174 | D        | Noticed a slime creature
   174 | D        | Found a transporter.
   185 | D        | Killed a slime creature
   189 | D        | Entered arena 5.
   189 | D        | Reached *** piety under the Shining One
   189 | D        | Reached **** piety under the Shining One
   189 | D        | Found a transporter.
   190 | D        | Found the +8 storm bow {elec}
   200 | D        | Reached ***** piety under the Shining One
   216 | D        | Entered arena 6.
   216 | D        | Noticed a smoke demon
   216 | D        | Noticed a wraith
   216 | D        | Found a transporter.
   224 | D        | Killed a smoke demon
   224 | D        | Reached ****** piety under the Shining One
   224 | D        | Reached XP level 8. HP: 39/55 MP: 17/17
   234 | D        | Killed a wraith
   328 | D        | Identified a +7 sacred scourge of holy wrath (a +5 demon whip blessed by the Shining One)
   328 | D        | Received a gift from the Shining One
   335 | D        | Entered arena 7.
   335 | D        | Noticed a deep elf knight
   335 | D        | Noticed a trident of venom
   335 | D        | Noticed a scimitar of freezing
   335 | D        | Noticed a deep elf mage
   335 | D        | Noticed a deep elf mage
   335 | D        | Noticed an air elemental
   338 | D        | Killed an air elemental
   343 | D        | Killed a deep elf mage
   343 | D        | Reached XP level 9. HP: 37/61 MP: 18/20
   346 | D        | Killed a deep elf knight
   346 | D        | Reached skill level 10 in Fighting
   346 | D        | Reached skill level 10 in Armour
   346 | D        | Reached skill level 10 in Shields
   348 | D        | Killed a deep elf mage
   349 | D        | Found a transporter.
   361 | D        | Killed a scimitar of freezing
   361 | D        | Reached skill level 10 in Invocations
   361 | D        | Reached XP level 10. HP: 25/68 MP: 20/22
   370 | D        | Killed a trident of venom
   575 | D        | Entered arena 8.
   575 | D        | Noticed a deep elf mage
   575 | D        | Noticed a deep elf mage
   575 | D        | Noticed a deep elf mage
   575 | D        | Noticed a deep elf mage
   575 | D        | Noticed a deep elf mage
   576 | D        | Found a transporter.
   582 | D        | Killed a deep elf mage
   582 | D        | Reached skill level 10 in Maces & Flails
   582 | D        | Killed a deep elf mage
   586 | D        | Killed a deep elf mage
   588 | D        | Killed a deep elf mage
   594 | D        | Killed a deep elf mage
   654 | D        | Entered arena 9.
   654 | D        | Noticed a hell hog
   654 | D        | Noticed a hell hog
   663 | D        | Killed a hell hog
   663 | D        | Reached XP level 11. HP: 66/76 MP: 10/24
   663 | D        | Killed a hell hog
   663 | D        | Reached skill level 10 in Spellcasting
   666 | D        | Found a transporter.
   686 | D        | Entered arena 10.
   686 | D        | Noticed a large abomination
   686 | D        | Noticed a thrashing horror
   687 | D        | Found the +9 scales of the Dragon King {rPois rF+ rC+ MR+}
   687 | D        | Found a transporter.
   691 | D        | Killed a thrashing horror
   697 | D        | Killed a large abomination
   705 | D        | Got the ring of Peuhural {Str+4 Int+3 Dex+5}
   711 | D        | Entered arena 11.
   712 | D        | Found a transporter.
   829 | D        | Entered arena 12.
   829 | D        | Noticed an azure jelly
   830 | D        | Found the -2 hat of the Alchemist {rElec rPois rF+ rC+ rN+ MR+ rMut rCorr}
   830 | D        | Noticed an azure jelly
   830 | D        | Noticed an acid blob
   830 | D        | Noticed a shining eye
   830 | D        | Noticed a death ooze
   831 | D        | Found a transporter.
   835 | D        | Killed an azure jelly
   838 | D        | Killed a death ooze
   839 | D        | Killed a shining eye
   840 | D        | Killed an azure jelly
   840 | D        | Reached XP level 12. HP: 67/84 MP: 16/27
   843 | D        | Killed an acid blob
   858 | D        | Entered arena 13.
   858 | D        | Noticed a brown very ugly thing
   859 | D        | Noticed a green very ugly thing
   866 | D        | Killed a green very ugly thing
   878 | D        | Killed a green very ugly thing
   912 | D        | Entered arena 14.
   913 | D        | Noticed Snorg
   913 | D        | Noticed Blork the orc
   913 | D        | Noticed Purgy
   913 | D        | Noticed Agnes
   913 | D        | Noticed Sonja
   914 | D        | Noticed Maurice
   914 | D        | Noticed Sigmund
   914 | D        | Noticed Grum
   914 | D        | Noticed Nessos
   914 | D        | Noticed Erolcha
   914 | D        | Noticed Louise
   915 | D        | Found a transporter.
   915 | D        | Identified the +6 dagger "Ocerol" {freeze, rPois Str-3 Int+2}
   924 | D        | Killed Agnes
   926 | D        | Killed Purgy
   928 | D        | Killed Blork the orc
   928 | D        | Killed Sigmund
   929 | D        | Killed Grum
   930 | D        | Killed Maurice
   930 | D        | Killed Sonja
   934 | D        | Killed Snorg
   938 | D        | Killed Louise
   941 | D        | Killed Erolcha
   941 | D        | Reached skill level 15 in Fighting
   941 | D        | Reached skill level 15 in Armour
   941 | D        | Reached XP level 13. HP: 84/92 MP: 2/29
   945 | D        | Killed Nessos
   945 | D        | Reached skill level 15 in Shields
   964 | D        | Entered arena 15.
   970 | D        | Noticed a yellow draconian
   970 | D        | Noticed a shadow dragon
   970 | D        | Noticed a tentacled monstrosity
   970 | D        | Noticed a black draconian shifter
   970 | D        | Noticed a purple draconian
   970 | D        | Noticed a black draconian
   971 | D        | Noticed a storm dragon
   971 | D        | Noticed a tentacled monstrosity
   971 | D        | Noticed a white draconian
   971 | D        | Noticed a green draconian
   971 | D        | Noticed a green draconian
   971 | D        | Noticed a yellow draconian
   971 | D        | Noticed a red draconian
   972 | D        | Found a transporter.
   976 | D        | Killed a black draconian
   978 | D        | Killed a storm dragon
   978 | D        | Killed a green draconian
   978 | D        | Reached skill level 15 in Invocations
   978 | D        | Killed a green draconian
   979 | D        | Killed a yellow draconian
   979 | D        | Killed a tentacled monstrosity
   979 | D        | Killed a tentacled monstrosity
   979 | D        | Killed a yellow draconian
   979 | D        | Killed a red draconian
   979 | D        | Killed a white draconian
   980 | D        | Killed a shadow dragon
   980 | D        | Reached skill level 15 in Maces & Flails
   981 | D        | Killed a black draconian shifter
   983 | D        | Killed a purple draconian
   991 | D        | Entered arena 16.
   994 | D        | Noticed an entropy weaver
  1001 | D        | Gained mutation: Your large and strong wings let you fly indefinitely. [Gargoyle growth]
  1001 | D        | Reached XP level 14. HP: 100/100 MP: 7/32
  1002 | D        | Killed an entropy weaver
  1011 | D        | Found a transporter.
  1136 | D        | Entered arena 17.
  1153 | D        | Noticed an orc warlord
  1155 | D        | Found a transporter.
  1168 | D        | Killed an orc warlord
  1183 | D        | Entered arena 18.
  1197 | D        | Found a transporter.
  1242 | D        | Entered arena 19.
  1251 | D        | Found the ring of Robustness {AC+8}
  1252 | D        | Killed from afar by a hellion

Vault maps used:
D:        sprint_v

Skill      XL: |  1  2  3  4  5  6  7  8  9 10 11 12 13 14 |
---------------+-------------------------------------------+-----
Fighting       | 4 6 7 8 9 10 12 13 15 16 17 | 17.2
Maces & Flails | 3 5 6 7 8 9 11 12 13 15 | 15.8
Armour         | 4 6 7 8 9 10 12 13 15 16 17 | 17.2
Shields        | 4 6 7 8 9 10 12 13 14 16 17 | 17.2
Spellcasting   | 2 4 5 6 7 8 9 11 12 14 | 14.6
Invocations    | 2 5 6 7 8 10 11 13 14 16 17 | 17.0

Action                   |  1- 3 |  4- 6 |  7- 9 | 10-12 | 13-15 || total
-------------------------+-------+-------+-------+-------+-------++-------
Melee: Flail             |     5 |     7 |    31 |       |       ||    43
       Sacred scourge    |       |       |    15 |   107 |    34 ||   156
Invok: Brand Weapon With |       |       |     1 |       |       ||     1
       Cleansing Flame   |       |       |       |    12 |     7 ||    19
       Divine Shield     |       |       |       |     2 |       ||     2
       Summon Divine War |       |       |       |     1 |    15 ||    16
  Use: Potion            |     4 |       |     1 |     3 |     6 ||    14
       Scroll            |       |       |     1 |       |       ||     1
  Eat: Meat ration       |       |       |       |     1 |     1 ||     2
Armor: Plate armour      |     1 |       |    19 |    64 |    40 ||   124
Dodge: Dodged            |       |       |     2 |     2 |     3 ||     7
Block: Shield            |     5 |    10 |    75 |   166 |    89 ||   345

Table legend:
 A = Spawn XP
 B = Non-spawn XP
 C = Spawn XP percentage of total XP
 D = Spawn monster count
 E = Non-spawn monster count
 F = Spawn count percentage of total count
 G = Total turns spent on level
                    A         B        C        D         E        F      G
               +---------+---------+-------+---------+---------+-------+---------
         Total |       0 |   66155 |   0.0 |       0 |     146 |   0.0 |  1252
               +---------+---------+-------+---------+---------+-------+---------
             D |       0 |   66155 |   0.0 |       0 |     146 |   0.0 |  1252
               +---------+---------+-------+---------+---------+-------+---------
